 Dungeon Crawl Stone Soup version 0.17.0-28-g6e173f8 (webtiles) character file.

425 PossumBlood the Destroyer (level 6, 0/32 HPs)
             Began as a Deep Elf Conjurer on Nov 25, 2015.
             Was an Initiate of Vehumet.
             Slain by a killer bee (6 damage)
             ... on level 4 of the Dungeon.
             The game lasted 00:09:05 (3327 turns).

PossumBlood the Destroyer (Deep Elf Conjurer)       Turns: 3327, Time: 00:09:05

Health: 0/32       AC:  2    Str:  5    XL:     6   Next: 64%
Magic:  7/12       EV: 13    Int: 27    God:    Vehumet [......]
Gold:   135        SH:  0    Dex: 15    Spells: 2 memorised, 5 levels left

rFire  . . .     SeeInvis .     i - +1 short sword (venom)
rCold  . . .     Clarity  .     a - +0 robe
rNeg   + . .     SustAt   .     (no shield)
rPois  .         Gourm    .     (no helmet)
rElec  .         Spirit   .     (no cloak)
rCorr  .         Warding  .     (no gloves)
rMut   .         Stasis   .     (no boots)
MR     .....                    (no amulet)
Stlth  ++........               (no ring)
                                k - ring of positive energy

@: brilliant, lethally poisoned (0 -> -15), not resistant to hostile
enchantments, unstealthy
A: no striking features
a: Renounce Religion


You were on level 4 of the Dungeon.
You worshipped Vehumet.
Vehumet was noncommittal.
You were not hungry.

You visited 1 branch of the dungeon, and saw 4 of its levels.

You collected 135 gold pieces.

Inventory:

Hand Weapons
 i - a +1 short sword of venom (weapon)
Armour
 a - a +0 robe (worn)
Jewellery
 k - a ring of positive energy (left hand)
Wands
 d - a wand of fire (12)
Scrolls
 f - a scroll of immolation
 g - 6 scrolls of identify
Potions
 e - a potion of brilliance
 j - a potion of curing {unknown}
Books
 b - a book of Conjurations

   Spells                             Type                      Level
   a - Magic Dart                     Conjuration                  1
   b - Searing Ray                    Conjuration                  2
   c - Dazzling Spray                 Conjuration/Hexes            3
   d - Fulminant Prism                Conjuration/Hexes            4
   e - Iskenderun's Mystic Blast      Conjuration                  4
   f - Iskenderun's Battlesphere      Conjuration/Charms           5
Comestibles
 c - a bread ration
 h - a royal jelly
 l - a meat ration


   Skills:
 - Level 2.4 Dodging
 - Level 2.4 Stealth
 - Level 3.0 Spellcasting
 + Level 8.8 Conjurations


You had 5 spell levels left.
You knew the following spells:

 Your Spells              Type           Power        Failure   Level  Hunger
a - Magic Dart            Conj           ####         1%          1    None
b - Iskenderun's Battles  Conj/Chrm      #####...     5%          5    ######.


Dungeon Overview and Level Annotations

Branches:
Dungeon (4/15)
 Temple: D:4-7

Altars:
Gozag
Kikubaaqudgha
Qazlal
Ru
Vehumet


Message History

Aim: a killer bee The magic dart hits the killer bee.
The killer bee is lightly wounded.
The killer bee closely misses you. The killer bee stings you.
The killer bee misses you. x2
Read which item? (? for menu, Esc to quit)
As you read the scroll of immolation, it crumbles to dust.
The creatures around you are filled with an inner flame!
The killer bee stings you!
You are poisoned.
The killer bee poisons you! The killer bee barely misses you.
The killer bee barely misses you. The killer bee stings you.
You are lethally poisoned!
The killer bee poisons you! The killer bee completely misses you.
Drink which item? (? for menu, Esc to quit)
You feel clever all of a sudden.
You feel sick. The killer bee stings you!
* * * LOW HITPOINT WARNING * * *
The killer bee stings you.
You die...

........##.<..# ##.#
............... #.#
..............# #.###
.........###..# #....
.........###.#########..
..................####..
...........###..#.......
......yy.#.# ##.....##..
##.##y@##.####..#####..
#.....##.........###..
####...##...####......
#...........#.##...
......#####........
.......#.....(..####
................#
.....?...........# #
##........#


You could see 3 killer bees.

Vanquished Creatures
  Sigmund (D:2)
  A killer bee (D:4)
  A hound (D:3)
  A giant frog skeleton (D:3)
  Natasha (thrice) (D:3)
  7 adders
  3 worms
  2 giant geckos
  2 orcs (D:3)
  8 bats
  4 giant cockroaches
  3 goblins
  4 hobgoblins
  4 jackals (D:1)
  4 kobolds
  2 ball pythons
  4 giant newts
  A quokka (D:2)
  9 rats
64 creatures vanquished.

Notes
Turn   | Place    | Note
--------------------------------------------------------------
     0 | D:1      | PossumBlood the Deep Elf Conjurer began the quest for the Orb.
     0 | D:1      | Reached XP level 1. HP: 10/10 MP: 6/6
   188 | D:1      | Reached XP level 2. HP: 15/15 MP: 4/8
   226 | D:1      | Reached skill level 5 in Conjurations
   581 | D:2      | Reached XP level 3. HP: 19/19 MP: 1/9
   760 | D:2      | Noticed Sigmund
   767 | D:2      | Killed Sigmund
   767 | D:2      | Reached skill level 7 in Conjurations
   767 | D:2      | Reached XP level 4. HP: 24/24 MP: 2/10
   767 | D:2      | Reached XP level 5. HP: 28/28 MP: 2/11
   968 | D:2      | Learned a level 5 spell: Iskenderun's Battlesphere
  1075 | D:2      | Found a faded altar to an unknown god.
  1137 | D:2      | Found an ancient bone altar of Kikubaaqudgha.
  1411 | D:3      | Found an opulent altar of Gozag.
  1833 | D:3      | Noticed Natasha
  1838 | D:3      | Killed Natasha
  1838 | D:3      | Reached skill level 8 in Conjurations
  1838 | D:3      | Reached XP level 6. HP: 21/32 MP: 6/12
  2003 | D:3      | Found a sacrificial altar of Ru.
  2864 | D:3      | Found a stormy altar of Qazlal.
  2864 | D:3      | Noticed Natasha
  2869 | D:3      | Killed Natasha
  2966 | D:3      | Noticed Natasha
  2966 | D:3      | Killed Natasha
  3194 | D:4      | Found a radiant altar of Vehumet.
  3204 | D:4      | Became a worshipper of Vehumet
  3327 | D:4      | Slain by a killer bee

Action                   |  1- 3 |  4- 6 || total
-------------------------+-------+-------++-------
Melee: Short sword       |    14 |     5 ||    19
 Cast: Magic Dart        |    57 |   101 ||   158
  Use: Scroll            |     2 |     5 ||     7
       Potion            |     2 |     2 ||     4
  Eat: Bread ration      |       |     2 ||     2
